 Dungeon Crawl Stone Soup version 0.25-a0-166-g16436c4407 (webtiles) character file.

Game seed: 17940977902641344444, levelgen mode: deterministic

354 Lanoc the Poker (level 6, -3/59 HPs)
             Began as a Troll Warper on Nov 23, 2019.
             Was an Initiate of Ru.
             Shot with an arrow by a centaur (12 damage)
             ... on level 5 of the Dungeon.
             The game lasted 00:08:09 (3105 turns).

Lanoc the Poker (Troll Warper)                      Turns: 3105, Time: 00:08:10

Health: -3/59      AC:  7    Str: 20    XL:     6   Next: 35%
Magic:  15/15      EV: 10    Int:  9    God:    Ru [......]
Gold:   194        SH:  0    Dex: 11    Spells: 5/7 levels left

rFire    . . .     SeeInvis .   a - +0 spear
rCold    . . .     Gourm    +   (no shield)
rNeg     . . .     Faith    .   C - +1 robe of the Mutiny {rPois MR+}
rPois    +         Spirit   .   (helmet restricted)
rElec    .         Reflect  .   (no cloak)
rCorr    .         Harm     .   (gloves unavailable)
MR       +....                  (boots unavailable)
Stlth    +.........             (no amulet)
HPRegen  0.59/turn              (no ring)
MPRegen  0.14/turn              v - ring of magical power

@: no status effects
A: large, unfitting armour, claws 3, fast metabolism 3, gourmand, regeneration
1, shaggy fur 1, tough skin 3
a: Renounce Religion


You were on level 5 of the Dungeon.
You worshipped Ru.
Ru was noncommittal.
You were not hungry.

You visited 2 branches of the dungeon, and saw 6 of its levels.

You collected 194 gold pieces.

Inventory:

Hand Weapons
 a - a +0 spear (weapon)
 m - a +3 hunting sling
Missiles
 c - 53 sling bullets
 e - 5 boomerangs of dispersal (quivered)
 l - 3 boomerangs
 u - 12 stones
 y - 9 poisoned darts
Armour
 A - a +0 shield
 C - the +1 robe of the Mutiny (worn) {rPois MR+}
   (You found it on level 4 of the Dungeon)

   It protects you from poison.
   It affects your resistance to hostile enchantments.
Jewellery
 v - a ring of magical power (right claw)
Wands
 p - a wand of enslavement (9)
Scrolls
 d - a scroll of blinking
 h - 2 scrolls of enchant armour {unknown}
 i - 7 scrolls of identify {unknown}
 j - 2 scrolls of enchant weapon {unknown}
 n - a scroll of teleportation {unknown}
 o - a scroll of remove curse {unknown}
 r - a scroll of random uselessness {unknown}
 t - 3 scrolls of fear {unknown}
 w - a scroll of immolation {unknown}
 x - a scroll of fog {unknown}
Potions
 b - a potion of flight {unknown}
 g - a potion of invisibility {unknown}
 k - a potion of brilliance {unknown}
 q - a potion of heal wounds {unknown}
 s - 3 potions of curing {unknown}
 z - a potion of lignification {unknown}
 B - a potion of degeneration {unknown}
 D - a potion of magic {unknown}
Comestibles
 f - 12 rations


   Skills:
 + Level 2.7 Fighting
 * Level 3.6 Polearms
 + Level 2.5 Throwing
 + Level 2.9 Dodging
 - Level 1.2 Spellcasting
 + Level 2.5 Translocations


You had 5 spell levels left.
You knew the following spells:

 Your Spells              Type           Power        Failure   Level  Hunger
a - Blink                 Tloc           N/A          19%         2    ###....

Your spell library contained the following spells:

 Spells                   Type           Power        Failure   Level  Hunger
 Shroud of Golubria       Chrm/Tloc      #.....       32%         2    ###....
 Gell's Gravitas          Tloc           #.........   36%         3    ####...
 Lesser Beckoning         Tloc           #.........   36%         3    ####...
 Teleport Other           Tloc           #.......     36%         3    ####...
 Passage of Golubria      Tloc           N/A          77%         4    #####..


Dungeon Overview and Level Annotations

Branches:
Dungeon (5/15)             Temple (1/1) D:4

Altars:
Dithmenos
Elyvilon
Gozag
Hepliaklqana
Makhleb
Nemelex Xobeh
Okawaru
Qazlal
Ru
Sif Muna
Trog
Vehumet
Xom
Yredelemnul
Zin
The Shining One


Innate Abilities, Weirdness & Mutations

You are too large for most types of armour.
You have claws for hands.
Your metabolism is lightning-fast.
You like to eat raw meat.
Your natural rate of healing is unusually fast.
You are covered in fur. (AC +1)
You have extremely tough skin. (AC +3)


Message History

The orc wizard shouts!
You hit the centaur.
The centaur is lightly wounded.
The orc throws a boomerang.
The boomerang closely misses you.
The weapon returns to the orc!
The centaur closely misses you. The orc hits you but does no damage.
You hit the centaur but do no damage.
The centaur is lightly wounded.
The centaur hits you! The orc hits you with a +0 hand axe.
The centaur wields a +1 shortbow of flaming.
It bursts into flame!
The centaur shoots an arrow.
The arrow hits you!
* * * LOW HITPOINT WARNING * * *
The arrow burns you.
* * * LOW HITPOINT WARNING * * *
You see here an arrow.
The orc hits you but does no damage.
The orc wizard looks encouraged for a moment.
The orc closely misses you.
The centaur shoots an arrow.
The arrow hits you!
You die...

##.## #...# #...# .# #...#
.# #...# ####.######
######...#########..........
#.............#..(..?.##...
.................#c##.....o
#.............#.@.o(o.# .
####.......####.##o(o.#
#.#...#.# #.##o##.#
#.#...#.# #.##$......#
#.#..<#.# #.......####
#.......# ####.####
####.#### #.. ... ... ##.#
#.#


You could see a centaur, an orc wizard and 3 orcs.

Vanquished Creatures
  A howler monkey (D:4)
  A hound (D:3)
  Ijyb (D:4)
  A worker ant (D:4)
  4 hound skeletons (D:4)
  5 adders
  5 oozes
  2 worms
  4 dart slugs
  5 leopard geckos
  10 orcs
  3 ball pythons (D:3)
  3 giant cockroaches
  6 goblins
  8 hobgoblins
  4 quokkas
  7 bats
  6 frilled lizards
  2 gnoll zombies (D:4)
  13 kobolds
  9 rats
100 creatures vanquished.

Notes
Turn   | Place    | Note
-------+----------+-------------------------------------------
     0 | D:1      | Lanoc the Troll Warper began the quest for the Orb.
     0 | D:1      | Reached XP level 1. HP: 19/19 MP: 1/1
    14 | D:1      | Reached skill level 1 in Throwing
    38 | D:1      | Reached XP level 2. HP: 24/28 MP: 2/2
    94 | D:1      | Reached skill level 2 in Polearms
   288 | D:1      | Reached XP level 3. HP: 34/35 MP: 3/3
   784 | D:2      | Reached XP level 4. HP: 42/42 MP: 4/4
  1199 | D:3      | Found a stormy altar of Qazlal.
  1278 | D:3      | Learned a level 2 spell: Blink
  1542 | D:3      | Found a radiant altar of Vehumet.
  1548 | D:3      | Reached XP level 5. HP: 38/49 MP: 5/5
  1612 | D:3      | Reached skill level 3 in Polearms
  1660 | D:3      | Found a sacrificial altar of Ru.
  1674 | D:3      | Became a worshipper of Ru the Awakened
  1712 | D:3      | Found an iron altar of Okawaru.
  2031 | D:4      | Found a staircase to the Ecumenical Temple.
  2062 | Temple   | Entered the Ecumenical Temple
  2350 | D:4      | Reached XP level 6. HP: 33/59 MP: 6/6
  2430 | D:4      | Got an ichor-stained robe
  2441 | D:4      | Identified the +1 robe of the Mutiny {rPois MR+} (You found
                  | it on level 4 of the Dungeon)
  2817 | D:4      | Found a basalt altar of Yredelemnul.
  2849 | D:4      | Noticed Ijyb
  2885 | D:4      | Killed Ijyb
  3061 | D:5      | Entered Level 5 of the Dungeon
  3105 | D:5      | Shot with an arrow by a centaur

Levels and vault maps discovered:
D:1:      doesnt_arrival_eight_statues, layout_basic
D:2:      layout_rooms
D:3:      layout_loops_ring, old_standard_altar, lemuel_coloured_pillars_altar,
          nicolae_qazlal_general_emergency, hangedman_ru_absence
D:4:      layout_basic, lemuel_zombie_altar_yredelemnul,
          minmay_temple_entry_steel_oval, first_ration,
          minmay_tree_intersection, minmay_misc_feat_encased,
          minmay_misc_feat_chi, uniq_ijyb
D:5:      layout_loops_cross, kiku_gazebo_pond_becter, dancing_weapons_uskayaw
Temple:   nicolae_temple_hex_pool

Skill      XL: |  1  2  3  4  5 |
---------------+----------------+-----
Throwing       | 1 2 |  2.5
Dodging        | 2 |  2.9
Polearms       | 2 3 |  3.6
Fighting       | 2 |  2.7
Spellcasting   | |  1.2
Translocations | |  2.5

Action                   |  1- 3 |  4- 6 || total
-------------------------+-------+-------++-------
Melee: Spear             |   226 |   305 ||   531
 Fire: Hunting sling     |     8 |       ||     8
 Stab: Sleeping          |       |     4 ||     4
  Eat: Chunk             |    13 |    13 ||    26
Armor: Robe              |   131 |    83 ||   214
Dodge: Dodged            |   129 |   110 ||   239

Table legend:
 A = Non-vault XP
 B = Vault XP
 C = Vault XP percentage of total XP
 D = Non-vault monster count
 E = Vault monster count
 F = Vault count percentage of total count
                 A         B        C        D         E       F
            +---------+---------+-------+---------+---------+-------
      Total |     468 |      38 |   7.5 |      97 |       3 |   3.0
            +---------+---------+-------+---------+---------+-------
        D:1 |      53 |       0 |   0.0 |      29 |       0 |   0.0
        D:2 |      59 |       0 |   0.0 |      25 |       0 |   0.0
        D:3 |     171 |       0 |   0.0 |      31 |       0 |   0.0
        D:4 |     185 |      38 |  17.0 |      12 |       3 |  20.0
            +---------+---------+-------+---------+---------+-------
